 Dungeon Crawl Stone Soup version 0.29-a0-648-g6b26cc9f40 (webtiles) character file.

Game seed: 2336906201359898869

29 CollectiveS the Cudgeller (level 3, -2/33 HPs)
             Began as a Troll Gladiator on June 20, 2022.
             Succumbed to Ijyb's poison
             ... on level 2 of the Dungeon.
             The game lasted 00:01:27 (1154 turns).

CollectiveS the Cudgeller (Troll Gladiator)         Turns: 1154, Time: 00:01:28

Health: -2/33      AC:  4    Str: 24    XL:     3   Next: 1%
Magic:  2/2        EV: 10    Int:  4    God:
Gold:   60         SH:  0    Dex: 11    Spells: 2/2 levels left

rFire   . . .      SeeInvis .   a - +0 flail
rCold   . . .      Faith    .   (no shield)
rNeg    . . .      Spirit   .   b - +0 robe
rPois   .          Reflect  .   c - +0 hat
rElec   .          Harm     .   (no cloak)
rCorr   .          Rampage  .   (gloves unavailable)
Will    .....                   (boots unavailable)
Stlth   +.........              (no amulet)
HPRegen 0.91/turn               (no ring)
MPRegen 0.08/turn               (no ring)

@: lethally poisoned (-2 -> -10)
A: large, unfitting armour, claws 3, regeneration 1, shaggy fur 1, tough skin 1
a: no special abilities


You were on level 2 of the Dungeon.
You visited 1 branch of the dungeon, and saw 2 of its levels.

You collected 60 gold pieces.

Inventory:

Hand Weapons
 a - a +0 flail (weapon)
Missiles
 d - 3 throwing nets (quivered)
 e - a large rock
Armour
 b - a +0 robe (worn)
 c - a +0 hat (worn)
Jewellery
 j - a ring of flight
Scrolls
 h - a scroll of poison {unknown}
 l - a scroll of teleportation {unknown}
 m - a scroll of torment {unknown}
 n - 4 scrolls of identify {unknown}
 o - 2 scrolls of blinking {unknown}
Potions
 f - a potion of lignification {unknown}
 g - a potion of curing {unknown}
 k - a potion of heal wounds {unknown}


   Skills:
 - Level 1.6 Fighting
 * Level 3.7 Maces & Flails
 - Level 1.8 Throwing
 - Level 2.4 Dodging


You had 2 spell levels left.
You didn't know any spells.
Your spell library was empty.

Dungeon Overview and Level Annotations

Branches:
Dungeon (2/15)

Altars:

Annotations:
D:2 Ijyb


Innate Abilities, Weirdness & Mutations

You are too large for most types of armour.
You have claws for hands.
Your natural rate of healing is unusually fast.
You are covered in fur. (AC +1)
You have tough skin. (AC +1)


Message History

You have reached level 3!
Your experience leads to an increase in your attributes!
Increase (S)trength, (I)ntelligence, or (D)exterity?
You feel stronger. x3
HP restored.
n - 4 scrolls labelled HOBOJA RODOBUE (gained 3)
o - 2 scrolls labelled OGEEPL BUOT A kobold comes into view.
It is wielding a +0 club.
A kobold is nearby!
A kobold is nearby!
A kobold is nearby!
The kobold shouts!
You hear a shout! x2; Ijyb shouts!
A goblin comes into view. It is wielding a +0 dagger.
Found a human skeleton.
The kobold completely misses you.
You barely miss the kobold. The kobold misses you.
The kobold hits you with a +0 club.
There are monsters nearby!
You closely miss Ijyb. The goblin closely misses you.
Ijyb hits you with a +4 dagger of venom!
The kobold barely misses you.
There are monsters nearby!
Unknown command.
The goblin attacks as you move away! The goblin hits you with a +0 dagger.
Ijyb attacks as you move away!
Ijyb hits you with a +4 dagger of venom.
You are poisoned.
You feel very sick.
A hobgoblin comes into view.
The goblin attacks as you move away! The goblin hits you with a +0 dagger.
You feel sick. Ijyb attacks as you move away!
Ijyb hits you with a +4 dagger of venom.
* * * LOW HITPOINT WARNING * * *
You are lethally poisoned!
* * * LOW HITPOINT WARNING * * *
You feel very sick. Ijyb attacks as you move away! Ijyb closely misses you.
* * * LOW HITPOINT WARNING * * *
You feel very sick.
It was a potion of cancellation.
You feel magically purged.
You die...

#. .. ##...#
##..)## #.. #.
##....# #..<..
#..g#.###.....#
########..
..............#
#.8.8.8.8)
..............#
#.........
.........K....#
#)........
..........g...#
#.........
...##.####g####
#......... . #.
#@# #......... #
#.# #.8.8.8.8.
#.################
#.................
##################


You could see Ijyb, a goblin and a kobold.

Vanquished Creatures
  A worm (D:2)
  2 bats (D:2)
  An endoplasm (D:1)
  A hobgoblin (D:1)
  4 ball pythons (D:1)
  2 frilled lizards
  9 goblins
  2 kobolds (D:1)
  3 rats
25 creatures vanquished.

Notes
Turn   | Place    | Note
-------+----------+-------------------------------------------
     0 | D:1      | CollectiveS the Troll Gladiator began the quest for the
                  | Orb.
     0 | D:1      | Reached XP level 1. HP: 19/19 MP: 0/0
   305 | D:1      | Reached skill level 3 in Maces & Flails
   519 | D:1      | Reached XP level 2. HP: 27/27 MP: 1/1
   822 | D:2      | Noticed Ijyb
  1068 | D:2      | Reached XP level 3. HP: 17/33 MP: 2/2
  1153 | D:2      | HP: 1/33 [poisoned by Ijyb]
  1154 | D:2      | Succumbed to Ijyb's poison

Illustrated notes

Levels and vault maps discovered:
D:1:      dpeg_arrival_three_same_balls, layout_basic, chequers_mini_garden,
          minmay_misc_feat_x
D:2:      kennysheep_the_goblin_king, layout_basic, basic_altar,
          wander_ebering_terrifying_dragon_lair

Skill      XL: |  1 |
---------------+----+-----
Maces & Flails | 3 |  3.7
Fighting       | |  1.6
Throwing       | |  1.8
Dodging        | |  2.4

Action                   || total
-------------------------++-------
Melee: Flail             ||   100
  Use: Potion            ||     1
Armor: Robe              ||    47
Dodge: Dodged            ||    59

Table legend: (Time is in decaauts)
 A = Elapsed time spent in this place.
 B = Non-inter-level travel time spent in this place.
 C = Inter-level travel time spent in this place.
 D = Time resting spent in this place.
 E = Time spent auto-exploring this place.
 F = Levels seen in this place.
 G = Mean time per level.
                   A        B        C        D        E       F      G
               +--------+--------+--------+--------+--------+-----+--------+
         Total |   1179 |   1133 |     46 |     12 |    872 |   2 |  589.5 |
       Dungeon |   1179 |   1133 |     46 |     12 |    872 |   2 |  589.5 |
               +--------+--------+--------+--------+--------+-----+--------+

Top non-repeatable levels by time:
     D:1: 905 daAuts
     D:2: 274 daAuts
